 Dungeon Crawl Stone Soup version 0.30-a0-222-ge547ba4400 (webtiles) character file.

Game seed: 308820299429029392

459 qw the Chopper (level 7, -7/43 HPs)
             Began as a Gargoyle Fighter on Oct 8, 2022.
             Was an Initiate of Okawaru.
             Mangled by an ogre
             ... wielding a +0 giant club
              (11 damage)
             ... on level 5 of the Dungeon.
             The game lasted 00:01:10 (3444 turns).

qw the Chopper (Gargoyle Fighter)                   Turns: 3444, Time: 00:01:10

Health: -7/43      AC: 16    Str: 22    XL:     7   Next: 6%
Magic:  7/7        EV:  7    Int:  8    God:    Okawaru [......]
Gold:   154        SH:  4    Dex:  9    Spells: 6/6 levels left

rFire   + . .      SeeInvis .    Y - +2 war axe (flame)
rCold   . . .      Faith    .    c - +0 buckler
rNeg    + . .      Spirit   .    n - +0 chain mail
rPois   inf        Reflect  .    (no helmet)
rElec   +          Harm     .    g - +0 cloak
rCorr   .          Rampage  .    (no gloves)
Will    .....                    b - +0 pair of boots
Stlth   ..........               (no amulet)
HPRegen 0.27/turn                e - ring of protection from fire
MPRegen 0.10/turn                (no ring)

@: no status effects
A: sickness immunity, AC +4, negative energy resistance 1, electricity
resistance, torment resistance 1, petrification resistance
a: Renounce Religion


You were on level 5 of the Dungeon.
You worshipped Okawaru.
Okawaru was noncommittal.
You visited 2 branches of the dungeon, and saw 6 of its levels.

You collected 154 gold pieces.


Innate Abilities, Weirdness & Mutations

You are immune to sickness and miasma.
Your stone body is resilient. (AC +4)
You are immune to poison.
You resist negative energy. (rN+)
You are resistant to electric shocks. (rElec)
You are resistant to unholy torment.
You are immune to petrification.


   Skills:
 - Level 4.1 Fighting
 - Level 6.2 Axes
 - Level 3.2 Armour
 + Level 0.9 Dodging
 - Level 3.2 Shields


You had 6 spell levels left.
You didn't know any spells.
Your spell library was empty.

Inventory:

Hand Weapons
 Y - a +2 war axe of flaming (weapon)
Missiles
 m - a boomerang (quivered)
Armour
 b - a +0 pair of boots (worn)
 c - a +0 buckler (worn)
 g - a +0 cloak (worn)
 i - a +2 scale mail of fire resistance
 n - a +0 chain mail (worn)
Jewellery
 e - a ring of protection from fire (left hand)
Scrolls
 f - a scroll of identify
Potions
 a - a potion of lignification
 d - 2 potions of might
 l - a potion of flight {unknown}
 o - a potion of cancellation {unknown}
 p - a potion of curing {unknown}

Dungeon Overview and Level Annotations

Branches:
Dungeon (5/15)             Temple (1/1) D:4

Altars:
Cheibriados
Dithmenos
Elyvilon
Fedhas
Gozag
Hepliaklqana
Kikubaaqudgha
Makhleb
Nemelex Xobeh
Okawaru
Ru
Sif Muna
Trog
Uskayaw
Vehumet
Wu Jian
Xom
Yredelemnul
Zin
The Shining One

Annotations:
D:5 Ijyb


Message History

You kill the white imp!
Okawaru accepts your kill.
You slash the ogre! You burn the ogre.
The ogre is almost dead.
The ogre barely misses you.
You slash the ogre! You burn the ogre.
You kill the ogre!
Okawaru is honoured by your kill. The hound bites you but does no damage.
Your Axes skill increases to level 6!
You slash the hound! You burn the hound.
The hound is severely wounded.
The hound bites you but does no damage. The hound barely misses you.
You closely miss the hound.
The hound is severely wounded.
The hound bites you but does no damage. The hound barely misses you.
You closely miss the hound.
The hound is severely wounded.
The hound bites you but does no damage. You block the hound's attack.
You hit the hound. You burn the hound.
You kill the hound!
Okawaru accepts your kill.
You hit the ogre but do no damage. The ogre hits you with a +0 giant club.
You have reached level 7!
You barely miss the ogre. You slash the orc! You burn the orc.
You kill the orc!
Okawaru accepts your kill.
The ogre hits you with a +0 giant club!!
You closely miss the ogre. The ogre hits you with a +0 giant club!
You hit the ogre. You burn the ogre.
The ogre is lightly wounded.
The ogre barely misses you.
You slash the ogre! You burn the ogre.
The ogre is heavily wounded.
You hit the ogre. You burn the ogre.
The ogre is heavily wounded.
The ogre hits you with a +0 giant club!
You die...

#.# #.### ##...#
#....## #.....# #...#.#
#...#.##########
#...#..........#####...
#...###........@O......
#...# #.########).#....
#...# #.# ..# . #...#
#.# #.# ..... #.# <.
#.# ... #.# ... #.#
....


You could see an ogre.

Vanquished Creatures
  An ogre (D:5)
  A necrophage (D:4)
  A jelly (D:4)
  An orc priest (D:4)
  2 hounds
  2 iguanas (D:5)
  2 orc wizards (D:3)
  4 adders
  A white imp (D:5)
  9 orcs
  8 ball pythons
  5 endoplasms
  3 giant cockroaches
  6 goblins
  7 hobgoblins
  2 jackals (D:1)
  6 quokkas
  4 bats (D:1)
  2 frilled lizards
  4 kobolds
  4 rats
75 creatures vanquished.

Notes
Turn   | Place    | Note
-------+----------+-------------------------------------------
     0 | D:1      | qw the Gargoyle Fighter began the quest for the Orb.
     0 | D:1      | Reached XP level 1. HP: 14/14 MP: 1/1
     0 | D:1      | 0 ||| qw: Version: 0.2-a-17-gfa9de96
     0 | D:1      | 0 ||| qw: Game counter: 1988
     0 | D:1      | 0 ||| qw: Always use a shield: true
     0 | D:1      | 0 ||| qw: God list: Okawaru
     0 | D:1      | 0 ||| qw: Allow faded altars: false
     0 | D:1      | 0 ||| qw: Do Orc after D:15 true
     0 | D:1      | 0 ||| qw: Do second Lair branch before Depths: true
     0 | D:1      | 0 ||| qw: Lair rune preference: random
     0 | D:1      | 0 ||| qw: Plans: Normal, Zot:1-4, God:TSO, Crypt, Tomb,
                  | Pan, Slime:5, Hells, Abyss, Orb
     0 | D:1      | 0 ||| PLANNING D:1-11
    25 | D:1      | Reached skill level 2 in Axes
    28 | D:1      | 28 ||| Stepping ~*~*~tactically~*~*~ (stealth).
    31 | D:1      | 31 ||| Stepping ~*~*~tactically~*~*~ (stealth).
    39 | D:1      | Reached XP level 2. HP: 18/19 MP: 2/2
   235 | D:1      | 235 ||| Stepping ~*~*~tactically~*~*~ (stealth).
   239 | D:1      | Reached skill level 3 in Axes
   282 | D:1      | Reached XP level 3. HP: 23/23 MP: 3/3
   592 | D:1      | 592 ||| READING 2 scrolls labelled YSMASTR UROHECO.
   593 | D:1      | 593 ||| READING scroll labelled ZEUSHI AKKEIZI.
   609 | D:1      | 609 ||| READING scroll labelled ITAURAJ ZIUL.
   610 | D:1      | 610 ||| READING scroll labelled RILOEM CEEV.
   611 | D:1      | 611 ||| READING scroll labelled YROTIOT SASUBICSE.
   616 | D:1      | 616 ||| DRINKING 2 viscous ruby potions.
   617 | D:1      | 617 ||| DROPPING scroll of noise.
   618 | D:1      | 618 ||| DROPPING potion of magic.
  1134 | D:2      | Found a faded altar of an unknown god.
  1320 | D:2      | 1320 ||| READING scroll labelled OTERORYLERPH.
  1321 | D:2      | 1321 ||| READING scroll labelled JISEFU SO MEHU.
  1321 | D:2      | Identified a scroll of acquirement
  1321 | D:2      | 1321 ||| ACQUIRING +2 war axe of flaming
  1321 | D:2      | Acquired a +2 war axe of flaming
  1323 | D:2      | 1323 ||| SWAPPING to +2 war axe of flaming.
  1324 | D:2      | 1324 ||| DROPPING +0 whip.
  1325 | D:2      | 1325 ||| DROPPING +0 war axe.
  1326 | D:2      | 1326 ||| READING 3 scrolls of identify.
  1326 | D:2      | 1326 ||| IDENTIFYING smoky coppery potion
  1327 | D:2      | 1327 ||| READING 2 scrolls of identify.
  1327 | D:2      | 1327 ||| IDENTIFYING metallic white potion
  1505 | D:3      | Reached XP level 4. HP: 28/28 MP: 4/4
  1543 | D:3      | Reached skill level 4 in Axes
  2189 | D:3      | Reached XP level 5. HP: 32/32 MP: 5/5
  2243 | D:3      | 2243 ||| UPGRADING to +2 scale mail of fire resistance.
  2253 | D:3      | 2253 ||| DROPPING +0 scale mail.
  2254 | D:3      | 2254 ||| UPGRADING to ring of protection from fire.
  2255 | D:3      | 2255 ||| UPGRADING to +0 chain mail.
  2265 | D:3      | 2265 ||| READING scroll labelled ETHRESME SOHAG.
  2418 | D:4      | Reached skill level 5 in Axes
  2613 | D:4      | Reached XP level 6. HP: 28/38 MP: 6/6
  2901 | D:4      | Found a staircase to the Ecumenical Temple.
  2903 | D:4      | 2903 ||| PLANNING TEMPLE
  2903 | D:4      | 2903 ||| FLEEEEING.
  2904 | D:4      | 2904 ||| FLEEEEING.
  2914 | D:4      | 2914 ||| UPGRADING to +0 pair of boots.
  2919 | D:4      | 2919 ||| UPGRADING to +0 cloak.
  2924 | D:4      | 2924 ||| READING 2 scrolls of identify.
  2924 | D:4      | 2924 ||| IDENTIFYING viscous clear potion
  2925 | D:4      | 2925 ||| DROPPING potion of invisibility.
  2936 | Temple   | Entered the Ecumenical Temple
  2978 | Temple   | 2978 ||| PLANNING OKAWARU WORSHIP
  3112 | Temple   | Became a worshipper of Warmaster Okawaru
  3113 | Temple   | 3113 ||| PLANNING D:1-11
  3336 | D:5      | Entered Level 5 of the Dungeon
  3385 | D:5      | Noticed Ijyb
  3393 | D:5      | HP: 6/38 [Ijyb/puff of flame (6)]
  3394 | D:5      | 3394 ||| READING scroll of teleportation.
  3395 | D:5      | 3395 ||| DRINKING potion of heal wounds.
  3436 | D:5      | Reached skill level 6 in Axes
  3440 | D:5      | Reached XP level 7. HP: 38/43 MP: 7/7
  3441 | D:5      | HP: 3/43 [ogre/+0 giant club (17)]
  3444 | D:5      | Mangled by an ogre

Levels and vault maps discovered:
D:1:      shiori_shiawase, layout_rooms, minmay_domino_4
D:2:      layout_loops_ring, shapermc_ecumenical_altar_petra, chequers_arboretum
D:3:      layout_basic
D:4:      layout_basic, minmay_temple_entry_proselytizer
D:5:      layout_basic, uniq_ijyb
Temple:   nicolae_temple_bog_church

Skill      XL: |  1  2  3  4  5  6 |
---------------+-------------------+-----
Axes           | 2 3 4 5 6 |  6.2
Fighting       | 4 |  4.1
Armour         | |  3.2
Dodging        | |  0.9
Shields        | |  3.2

Action                   |  1- 3 |  4- 6 |  7- 9 || total
-------------------------+-------+-------+-------++-------
Melee: War axe           |    94 |    86 |     5 ||   185
Throw: Boomerang         |       |    18 |       ||    18
  Use: Scroll            |     9 |     3 |       ||    12
       Potion            |     1 |     1 |       ||     2
Armor: Scale mail        |    42 |    18 |       ||    60
       Chain mail        |       |    25 |       ||    25
Dodge: Dodged            |    53 |    22 |     1 ||    76
Block: Buckler           |    17 |     8 |       ||    25

Table legend:
 A = Non-vault XP
 B = Vault XP
 C = Vault XP percentage of total XP
 D = Non-vault monster count
 E = Vault monster count
 F = Vault count percentage of total count
                 A         B        C        D         E       F
            +---------+---------+-------+---------+---------+-------
      Total |     608 |      49 |   7.5 |      71 |       4 |   5.3
            +---------+---------+-------+---------+---------+-------
        D:1 |      37 |       6 |  14.0 |      24 |       3 |  11.1
        D:2 |      34 |       0 |   0.0 |       6 |       0 |   0.0
        D:3 |     112 |       0 |   0.0 |      20 |       0 |   0.0
        D:4 |     165 |      43 |  20.7 |      12 |       1 |   7.7
        D:5 |     260 |       0 |   0.0 |       9 |       0 |   0.0
            +---------+---------+-------+---------+---------+-------
